AoeStats
← Generalen95

Black Forest

509679188Analyzed
2v2 RM · 5d ago on Sep 27, 2026· 82m 1s· 4 players
Game mode
Random Map
Map size
Medium (4 player)
Population
200
Speed
Normal
Resources
Standard
Victory
Conquest
Starting age
Dark Age
Ending age
Imperial Age
RankedLock teamsTeams togetherTeam positionsShared explorationLock speedFull tech treeHidden civsTurbo modeCheats
Victory
Defeat
🇮🇳 Chinese · India
523
+13
🇨🇦 Turks · Canada
517
+13
🇹🇷 Turks · Türkiye
491
-14
🇸🇪 Byzantines · Sweden
430
-12
Generalen95
10:58 Feudal Age
12:14 Double-Bit Axe
13:42 Wheelbarrow
13:08 Horse Collar
13:50 Gold Mining
13:56 Stone Mining
22:09 Castle Age
23:25 Stone Shaft Mining
23:30 Gold Shaft Mining
22:59 Pikeman
23:26 Gambesons
23:42 Squires
24:27 Heavy Plow
26:42 Fortified Wall
32:46 Imperial Age
33:31 Halberdier
33:58 Arson
34:56 Bow Saw
35:07 Cavalier
35:49 Husbandry
36:37 Hand Cart
38:18 Conscription
40:06 Chemistry
40:01 Scale Barding Armor
39:57 Scale Mail Armor
39:58 Padded Archer Armor
39:48 Fletching
39:54 Elite Varangian Guard
42:21 Paladin
67:32 Bombard Tower
ogpolat
2:07 Loom
15:01 Feudal Age
18:09 Double-Bit Axe
20:12 Horse Collar
26:27 Castle Age
25:07 Stone Mining
25:08 Gold Mining
27:28 Heavy Plow
27:44 Bow Saw
27:22 Town Watch
28:14 Wheelbarrow
28:27 Town Patrol
31:02 Fletching
32:18 Bodkin Arrow
37:42 Imperial Age
36:40 Caravan
40:08 Hand Cart
40:49 Conscription
44:06 Artillery
45:58 Bracer
45:59 Padded Archer Armor
47:31 Ballistics
46:52 Treadmill Crane
53:34 Leather Archer Armor
64:11 Guilds
SailorShinde
0:42 Loom
16:38 Feudal Age
17:41 Double-Bit Axe
25:44 Arson
29:25 Castle Age
28:56 Horse Collar
30:29 Squires
31:16 Husbandry
31:27 Bloodlines
35:44 Heavy Plow
36:16 Gold Mining
44:31 Imperial Age
42:37 Wheelbarrow
47:07 Heated Shot
47:38 Ballistics
47:30 Fortified Wall
48:06 Cavalier
62:33 Artillery
nihallamge
0:38 Loom
12:42 Feudal Age
13:22 Double-Bit Axe
14:15 Horse Collar
15:20 Wheelbarrow
15:58 Stone Mining
17:42 Gold Mining
17:44 Fishing Lines
23:20 Castle Age
24:31 Bow Saw
24:25 Heavy Plow
25:10 Gold Shaft Mining
24:44 Fletching
24:54 Padded Archer Armor
25:06 Forging
24:59 Scale Mail Armor
25:53 Caravan
27:25 Stone Shaft Mining
27:08 Scale Barding Armor
27:02 Bodkin Arrow
28:23 Town Watch
33:59 Imperial Age
33:03 Hand Cart
33:36 Town Patrol
35:27 Conscription
34:29 Elite Chu Ko Nu
35:06 Gillnets
35:40 Bracer
35:55 Leather Archer Armor
36:16 Iron Casting
37:18 Two-Man Saw
36:20 Pikeman
37:00 Squires
36:46 Arson
37:11 Thumb Ring
40:00 Ring Archer Armor
40:31 Blast Furnace
39:46 Chain Mail Armor
38:55 Halberdier
39:50 Great Wall
41:42 Chemistry
42:20 Ballistics
41:57 Murder Holes
42:12 Masonry
44:02 Chain Barding Armor
44:15 Plate Mail Armor
43:11 Elite Skirmisher
45:07 Architecture
46:56 Light Cavalry
46:56 Cavalier
47:37 Husbandry
47:47 Bloodlines
56:09 Chain Barding Armor
57:27 Plate Barding Armor
Connection lost

Rejoining the realm…

Still unreachable

The connection could not be restored.

Session expired

The server has moved on; the page needs a fresh start.